[Event "Titled Tuesday Blitz October 31 Early 2023"]
[White "Csonka, Balazs"]
[Black "Herzog2012"]
[WhiteFideId "742910"]
[WhiteElo "2726"]
[BlackElo "2551"]
[Result "1/2-1/2"]
[Round "4"]
[TimeControl "180+1"]
[Date "2023.10.31"]
[WhiteClock "0:00:03"]
[BlackClock "0:00:02"]
[Board "59"]

1. e4 c5 2. Nf3 Nc6 3. Bb5 g6 4. Bxc6 dxc6 5. d3 Bg7 6. Nc3 Nf6 7. h3 Nd7 8. Be3 e5 9. Qd2 Qe7 10. O-O Nf8 11. Bh6 f6 12. Bxg7 Qxg7 13. a3 g5 14. Nh2 h5 15. b4 Ne6 16. Ne2 Nf4 17. bxc5 Rg8 18. Kh1 Be6 19. Rab1 Qd7 20. Nxf4 gxf4 21. Qe2 O-O-O 22. Qxh5 Rh8 23. Qg6 Bxh3 24. gxh3 Rxh3 25. f3 Rdh8 26. Rf2 Qd4 27. Rg2 Qe3 28. Qg7 R3h7 29. Qxf6 Qxf3 30. Qe6+ Kb8 31. Qxe5+ Ka8 32. Kg1 Rxh2 33. Rxh2 Qe3+ 34. Rf2 Qg3+ 35. Rg2 Qe3+ 36. Rf2 Qg3+ 37. Rg2 Qe3+ 38. Rf2 1/2-1/2


[Site "https://www.chess.com"]

[Event "Titled Tuesday Blitz October 31 Early 2023"]
[White "NovoselovRoman"]
[Black "Karthik Rajaa"]
[BlackFideId "25035215"]
[WhiteElo "2548"]
[BlackElo "2725"]
[Result "0-1"]
[Round "4"]
[TimeControl "180+1"]
[Date "2023.10.31"]
[WhiteClock "0:00:00"]
[BlackClock "0:00:47"]
[Board "60"]

1. d4 Nf6 2. Nf3 e6 3. c3 b6 4. Bg5 Bb7 5. Nbd2 Be7 6. e3 d6 7. Bd3 Nbd7 8. Qe2 h6 9. Bh4 a6 10. e4 e5 11. dxe5 Nxe5 12. Nxe5 dxe5 13. Nc4 Nd7 14. Bxe7 Qxe7 15. Ne3 O-O 16. Nf5 Qf6 17. O-O-O Nc5 18. f3 h5 19. Kb1 g6 20. Ne3 Ne6 21. Bc4 Nf4 22. Qf2 b5 23. Bb3 a5 24. g3 a4 25. Bc2 Ne6 26. Nd5 Bxd5 27. exd5 Ng5 28. f4 a3 29. Rhf1 exf4 30. gxf4 Nh7 31. Rg1 axb2 32. Qc5 Qxf4 33. d6 cxd6 34. Rxd6 Qc4 35. Qxc4 bxc4 36. Rc6 Rfe8 37. Rxc4 Re2 38. Kxb2 Nf6 0-1


[Site "https://www.chess.com"]

[Event "Titled Tuesday Blitz October 31 Early 2023"]
[White "Skatchkov, Valery"]
[Black "Gubajdullin, Alexei"]
[WhiteFideId "24195812"]
[BlackFideId "4141202"]
[WhiteElo "2547"]
[BlackElo "2724"]
[Result "1-0"]
[Round "4"]
[TimeControl "180+1"]
[Date "2023.10.31"]
[WhiteClock "0:00:28"]
[BlackClock "0:00:00"]
[Board "61"]

1. d4 Nf6 2. c4 g6 3. Nc3 Bg7 4. e4 d6 5. h3 O-O 6. Bg5 Na6 7. Bd3 e5 8. d5 Nc5 9. Bc2 a5 10. Qd2 Qd7 11. b3 Nh5 12. Nge2 f5 13. exf5 gxf5 14. g4 Nf4 15. Nxf4 exf4 16. O-O-O Ne4 17. Nxe4 fxe4 18. Bxe4 a4 19. b4 h6 20. Bxf4 Qf7 21. Be3 Qf6 22. Bd4 Qxd4 23. Qxd4 Bxd4 24. Rxd4 Rxf2 25. Rd2 Rf4 26. Re1 Bd7 27. Bd3 Re8 28. Rxe8+ Bxe8 29. Re2 Kf8 30. Kd2 Rf3 31. Re3 Rf2+ 32. Be2 Rh2 33. a3 Bg6 34. Kc3 Rh1 35. Kd4 b6 36. c5 bxc5+ 37. bxc5 dxc5+ 38. Kxc5 Rc1+ 39. Kb4 Be8 40. Bc4 Bd7 41. Kc5 Be8 42. Re6 Rc3 43. Rxh6 Rxa3 44. Rh8+ Ke7 45. Rh7+ Kd8 46. d6 cxd6+ 47. Kxd6 Rf3 48. Ra7 Rf6+ 49. Be6 Bc6 50. g5 Rg6 51. h4 1-0


[Site "https://www.chess.com"]

[Event "Titled Tuesday Blitz October 31 Early 2023"]
[White "Kosteniuk, Alexandra"]
[Black "Rama, Tejas"]
[WhiteFideId "4128125"]
[BlackFideId "30907381"]
[WhiteElo "2722"]
[BlackElo "2545"]
[Result "1-0"]
[Round "4"]
[TimeControl "180+1"]
[Date "2023.10.31"]
[WhiteClock "0:01:36"]
[BlackClock "0:00:14"]
[Board "62"]

1. Nf3 d5 2. g3 Nf6 3. Bg2 c5 4. O-O h6 5. Re1 Nc6 6. d4 cxd4 7. Nxd4 e5 8. Nxc6 bxc6 9. c4 Be7 10. Nc3 Be6 11. Qa4 O-O 12. Qxc6 Rc8 13. Qa6 Rxc4 14. Rd1 d4 15. e3 dxc3 16. Rxd8 Rxd8 17. Bf1 Rd1 18. bxc3 Rc7 19. Bb2 Rcd7 20. Qa4 Rxa1 21. Bxa1 Rd2 22. c4 Ne4 23. f3 Nf2 24. Bc3 Nh3+ 25. Bxh3 1-0


[Site "https://www.chess.com"]

[Event "Titled Tuesday Blitz October 31 Early 2023"]
[White "Arencibia Monduy, Antonio"]
[Black "Maximov, Dmitry"]
[WhiteFideId "3507939"]
[BlackFideId "14105659"]
[WhiteElo "2545"]
[BlackElo "2722"]
[Result "0-1"]
[Round "4"]
[TimeControl "180+1"]
[Date "2023.10.31"]
[WhiteClock "0:00:04"]
[BlackClock "0:01:41"]
[Board "63"]

1. b3 Nf6 2. Bb2 c5 3. e3 Nc6 4. Nf3 g6 5. Be2 Bg7 6. O-O O-O 7. d3 d6 8. Nbd2 Bd7 9. Re1 Re8 10. a3 Rc8 11. h3 a6 12. c4 e5 13. Qc2 h6 14. Ne4 Qe7 15. Nc3 Be6 16. Red1 d5 17. e4 dxe4 18. dxe4 Nd4 19. Nxd4 exd4 20. Nb1 Bxh3 21. gxh3 Nxe4 22. Bf3 Ng5 23. Bg2 d3 24. Rxd3 Qe1+ 25. Kh2 Re2 26. Rd2 Nf3+ 0-1


[Site "https://www.chess.com"]

[Event "Titled Tuesday Blitz October 31 Early 2023"]
[White "Brown, Andrew"]
[Black "carokannlover213"]
[WhiteFideId "3206513"]
[WhiteElo "2542"]
[BlackElo "2722"]
[Result "1-0"]
[Round "4"]
[TimeControl "180+1"]
[Date "2023.10.31"]
[WhiteClock "0:00:04"]
[BlackClock "0:00:03"]
[Board "64"]

1. d4 Nf6 2. c4 e6 3. Nc3 d5 4. Nf3 dxc4 5. e4 b5 6. e5 Nd5 7. Nxb5 Nb6 8. Be2 Bb4+ 9. Nc3 O-O 10. O-O Bb7 11. Bg5 Be7 12. Bxe7 Qxe7 13. Nd2 Rd8 14. Nxc4 Nxc4 15. Bxc4 Nc6 16. d5 Nxe5 17. Bb3 exd5 18. Re1 d4 19. Ne4 Bxe4 20. Rxe4 Qd6 21. Qh5 Ng6 22. g3 d3 23. Rd1 Re8 24. Qf3 Rxe4 25. Bxf7+ Kh8 26. Qxe4 Rd8 27. Rd2 Ne5 28. Bb3 Qf6 29. f4 Qb6+ 30. Kg2 Ng4 31. h3 Ne3+ 32. Kf3 Nf1 33. Rxd3 Rxd3+ 34. Qxd3 Nh2+ 35. Kg2 g6 36. Qd8+ Kg7 37. Qe7+ Kh6 38. Qf8+ Kh5 39. Bd1+ Nf3 40. Bxf3# 1-0


[Site "https://www.chess.com"]

[Event "Titled Tuesday Blitz October 31 Early 2023"]
[White "Kislinsky, Alexey"]
[Black "Richter, Paul"]
[WhiteFideId "14108801"]
[BlackFideId "2046350"]
[WhiteElo "2721"]
[BlackElo "2542"]
[Result "1-0"]
[Round "4"]
[TimeControl "180+1"]
[Date "2023.10.31"]
[WhiteClock "0:00:14"]
[BlackClock "0:00:02"]
[Board "65"]

1. e4 c5 2. c3 g6 3. d4 cxd4 4. cxd4 d5 5. e5 Nc6 6. Nc3 Nh6 7. Bb5 Bg7 8. h3 O-O 9. Nf3 f6 10. exf6 Rxf6 11. O-O a6 12. Bxc6 bxc6 13. Re1 Qf8 14. Bg5 Re6 15. Rxe6 Bxe6 16. Qe2 Bf5 17. Re1 Bf6 18. Bxf6 exf6 19. Qe7 Be4 20. Qxf8+ Kxf8 21. Nxe4 dxe4 22. Rxe4 Kf7 23. Re3 Rb8 24. b3 Nf5 25. Rc3 Ne7 26. Kf1 Ke6 27. Rc5 Kd6 28. Ra5 Ra8 29. Nd2 Nd5 30. Ne4+ Kc7 31. Rc5 f5 32. Nd2 a5 33. Nf3 a4 34. Ne5 Ra6 35. bxa4 Kd6 36. a5 Nc7 37. Nc4+ Kd7 38. Re5 Nb5 39. d5 cxd5 40. Rxd5+ Kc6 41. Rd8 Kc5 42. Nd2 Rxa5 43. Nb3+ 1-0


[Site "https://www.chess.com"]

[Event "Titled Tuesday Blitz October 31 Early 2023"]
[White "Hua, Lefong"]
[Black "Titichoca Daza, Daniel"]
[WhiteFideId "2602253"]
[BlackFideId "3309550"]
[WhiteElo "2718"]
[BlackElo "2540"]
[Result "1-0"]
[Round "4"]
[TimeControl "180+1"]
[Date "2023.10.31"]
[WhiteClock "0:00:22"]
[BlackClock "0:00:18"]
[Board "66"]

1. d4 Nf6 2. c4 d6 3. Nc3 e5 4. Nf3 e4 5. Nd2 e3 6. fxe3 g6 7. Nf3 Bg7 8. e4 O-O 9. Bg5 h6 10. Bh4 g5 11. Bg3 Re8 12. Qc2 Nc6 13. d5 Nb4 14. Qb3 a5 15. a3 Na6 16. Qc2 Nxe4 17. Nxe4 Bf5 18. Nfd2 Nc5 19. e3 Nxe4 20. Nxe4 Bxe4 21. Bd3 Qe7 22. O-O-O a4 23. Rhe1 Ra6 24. Re2 Rb6 25. Qxa4 Bxd3 26. Rxd3 Qe4 27. Rb3 Ra6 28. Qb4 Rea8 29. Qxb7 Qxc4+ 30. Kd1 R6a7 31. Qb5 Qe4 32. Qd3 Qa4 33. Ke1 Ra5 34. Kf1 Rc5 35. Re1 Re8 36. Bf2 f5 37. Rb4 Qd7 38. e4 Rf8 39. Kg1 Ra5 40. exf5 Qxf5 41. Qxf5 Rxf5 42. Rb8+ Kh7 43. Rb7 Raxd5 44. Rxc7 Kg6 45. g4 Rf4 46. h3 Be5 47. b4 Rd2 48. Be3 Bd4 49. Bxd4 Rdxd4 50. Re6+ Rf6 51. Rxf6+ Kxf6 52. Rc3 Rf4 53. Rb3 Ke5 54. b5 Kd5 55. b6 Rf8 56. a4 Kc4 57. Rb1 d5 58. a5 d4 59. b7 d3 60. b8=Q Rxb8 61. Rxb8 d2 62. Rd8 1-0


[Site "https://www.chess.com"]

[Event "Titled Tuesday Blitz October 31 Early 2023"]
[White "NLLO777"]
[Black "Toropov, Pavel"]
[BlackFideId "24129178"]
[WhiteElo "2710"]
[BlackElo "2540"]
[Result "1/2-1/2"]
[Round "4"]
[TimeControl "180+1"]
[Date "2023.10.31"]
[WhiteClock "0:00:06"]
[BlackClock "0:00:16"]
[Board "67"]

1. d4 d5 2. c4 c6 3. Nf3 Nf6 4. Qc2 dxc4 5. Qxc4 Bf5 6. g3 e6 7. Bg2 Qd5 8. Nbd2 b5 9. Qb3 a5 10. a4 b4 11. O-O Nbd7 12. Qd1 Qd6 13. Nc4 Qc7 14. Bf4 Qa7 15. Nfe5 Nxe5 16. dxe5 Nd5 17. e4 Nxf4 18. exf5 Nxg2 19. fxe6 fxe6 20. Kxg2 Qc5 21. Qd3 Qd5+ 22. Qxd5 cxd5 23. Nd2 Kd7 24. Rac1 Be7 25. Nb3 Rhc8 26. f4 g6 27. Kf3 Rc4 28. Ke3 Re4+ 29. Kd3 h5 30. Rfe1 Rxe1 31. Rxe1 Bd8 32. Nc5+ Ke7 33. Nb7 Bb6 34. Rc1 Kd7 35. h3 Ra7 36. Nc5+ Ke7 37. Nb3 Kd7 38. g4 Ra8 39. Nc5+ Ke7 40. Nb7 Kd7 41. Nd6 Rf8 42. Rf1 Bc5 43. Nb7 Bb6 44. Nd6 Bc5 45. Nb5 Kc6 46. Nd4+ Bxd4 47. Kxd4 Kd7 48. Kc5 hxg4 49. hxg4 Rc8+ 50. Kb5 Rc2 51. b3 Rc3 52. Kxa5 Rxb3 53. Kb5 Rb2 54. a5 b3 55. a6 Ra2 56. Rb1 b2 57. Kc5 Kc7 58. a7 Kb7 59. Kb4 Kxa7 60. Kb3 Ra6 61. Rxb2 Rb6+ 62. Kc3 Rxb2 63. Kxb2 Kb6 64. Kc3 Kc5 65. Kd3 d4 66. Ke4 Kc4 67. f5 gxf5+ 68. gxf5 exf5+ 69. Kxf5 d3 70. e6 d2 71. e7 d1=Q 72. e8=Q Qd5+ 73. Kf4 Qd4+ 74. Kf3 Qd3+ 75. Kf4 Qf1+ 76. Kg3 Qg1+ 77. Kh3 Qf1+ 78. Kg3 Qd3+ 79. Kg4 Qd4+ 80. Kg5 Kd3 81. Qb5+ Ke3 82. Qf1 Qe5+ 83. Kg4 Qe6+ 84. Kg5 Qg8+ 85. Kh4 Qh7+ 86. Kg4 Qg7+ 87. Kh4 Qh6+ 88. Kg4 Qg6+ 89. Kh4 Qh6+ 90. Kg4 Qg6+ 91. Kh4 Qe4+ 92. Kg5 Qf3 93. Qxf3+ Kxf3 1/2-1/2


[Site "https://www.chess.com"]

[Event "Titled Tuesday Blitz October 31 Early 2023"]
[White "Bazilius, Augustinas"]
[Black "djokovic74"]
[WhiteFideId "12832251"]
[WhiteElo "2536"]
[BlackElo "2710"]
[Result "0-1"]
[Round "4"]
[TimeControl "180+1"]
[Date "2023.10.31"]
[WhiteClock "0:00:05"]
[BlackClock "0:00:01"]
[Board "68"]

1. d4 e6 2. c4 Nf6 3. Nf3 Bb4+ 4. Bd2 Qe7 5. g3 Nc6 6. e3 Bxd2+ 7. Qxd2 d5 8. Bg2 O-O 9. O-O Rd8 10. cxd5 exd5 11. a3 Ne4 12. Qc2 Bf5 13. Qa4 a6 14. b4 b5 15. Qb3 a5 16. Rc1 Qd6 17. Nc3 Rab8 18. Nxd5 Be6 19. Rxc6 Qxc6 20. Ne7+ Kf8 21. Nxc6 Bxb3 22. Nfe5 Nf6 23. bxa5 Ra8 24. Nxd8 Rxd8 25. a6 Bd5 26. a4 b4 27. a7 Ra8 28. Bxd5 Nxd5 29. Nc6 Ke8 30. Rb1 Kd7 31. Nxb4 Nc3 32. Ra1 Rxa7 33. a5 Nb5 34. Nd3 f6 35. Nc5+ Kc6 36. Rc1 Nd6 37. Ne6+ Kd7 38. Nxg7 Rxa5 39. g4 Rg5 40. Nh5 Rxg4+ 41. Ng3 Rg8 42. Kg2 c6 43. Kf3 Ra8 44. Rc5 Ra2 45. Rh5 Nc4 46. Rxh7+ Ke6 47. Ne4 f5 48. Rh6+ Kf7 49. Ng5+ Kg7 50. Rxc6 Nd2+ 51. Kg2 Nb3 52. Ne6+ Kf7 53. Nf4 Rd2 54. Rc3 Rb2 55. Nd3 Rb1 56. h4 Nd2 57. Nc5 Rb8 58. Rc2 Rg8+ 59. Kh3 Nf3 60. h5 Rg1 61. Nd3 Ng5+ 62. Kh2 Nf3+ 63. Kh3 Ng5+ 64. Kh4 Rg4# 0-1


[Site "https://www.chess.com"]

[Event "Titled Tuesday Blitz October 31 Early 2023"]
[White "Atakhan, Abtin"]
[Black "Yaksin, Oleg"]
[WhiteFideId "22502203"]
[BlackFideId "24105880"]
[WhiteElo "2708"]
[BlackElo "2530"]
[Result "0-1"]
[Round "4"]
[TimeControl "180+1"]
[Date "2023.10.31"]
[WhiteClock "0:00:01"]
[BlackClock "0:00:10"]
[Board "69"]

1. Nf3 d5 2. d4 Nf6 3. c4 e6 4. Nc3 Be7 5. Bf4 O-O 6. e3 Nbd7 7. c5 Ne4 8. h4 Nxc3 9. bxc3 b6 10. c6 Nb8 11. Bd3 h6 12. Ne5 Bd6 13. Bxh6 gxh6 14. Qg4+ Kh8 15. Qh5 Kg7 16. Rh3 Bxe5 17. Qxe5+ f6 18. Qh5 Rh8 19. Qg6+ Kf8 20. Rf3 Ke7 21. e4 Rf8 22. e5 f5 23. Rg3 Nxc6 24. Bb5 Bb7 25. Qxh6 Rf7 26. Rg6 Qd7 27. Qg5+ Ke8 28. h5 a6 29. h6 Qe7 30. Bxc6+ Bxc6 31. Qh5 Kd7 32. Kd2 Rh8 33. a4 a5 34. Kc2 Rfh7 35. Kb2 Kc8 36. Rh1 Be8 37. Qg5 Bxg6 38. Qxg6 Kd7 39. f3 Qf8 40. g4 Rxh6 41. Rxh6 Rxh6 42. Qg5 Rh2+ 43. Kb3 fxg4 44. Qxg4 Rf2 0-1


[Site "https://www.chess.com"]

[Event "Titled Tuesday Blitz October 31 Early 2023"]
[White "Djokic, Mihailo"]
[Black "Heinemann, Josefine"]
[WhiteFideId "976440"]
[BlackFideId "12900460"]
[WhiteElo "2704"]
[BlackElo "2528"]
[Result "1-0"]
[Round "4"]
[TimeControl "180+1"]
[Date "2023.10.31"]
[WhiteClock "0:00:23"]
[BlackClock "0:00:00"]
[Board "70"]

1. e4 c6 2. d4 d5 3. e5 Bf5 4. h4 h5 5. Bg5 Qb6 6. Bd3 Bxd3 7. Qxd3 Qxb2 8. e6 f6 9. Bd2 Qxa1 10. Qb3 Qxd4 11. Qxb7 Qe5+ 12. Be3 Qxe6 13. Ne2 Kf7 14. Qxa8 Nd7 15. Nd2 Ne5 16. Qxa7 Nh6 17. f3 Nf5 18. Bf2 Qd7 19. Qa4 Nd6 20. Qf4 Nec4 21. Nb3 e5 22. Qg3 Be7 23. O-O Qf5 24. a4 Ra8 25. Rc1 Rxa4 26. Nc5 Ra2 27. Nd3 Nb2 28. Nb4 Ra4 29. Nxc6 Rc4 30. Nxe7 Kxe7 31. Qxg7+ Nf7 32. Ng3 Qc8 33. Nxh5 Qc6 34. Ng3 Nd3 35. Ra1 Ra4 36. Rxa4 Qxa4 37. cxd3 Qd1+ 38. Nf1 Qxd3 39. h5 Qf5 40. Qg6 Qxg6 41. hxg6 Nd6 42. Bc5 1-0


[Site "https://www.chess.com"]

[Event "Titled Tuesday Blitz October 31 Early 2023"]
[White "Shubenkova, Veronika"]
[Black "Mndapoetzz04"]
[WhiteFideId "44124040"]
[WhiteElo "2528"]
[BlackElo "2704"]
[Result "1-0"]
[Round "4"]
[TimeControl "180+1"]
[Date "2023.10.31"]
[WhiteClock "0:00:05"]
[BlackClock "0:00:00"]
[Board "71"]

1. e4 c5 2. Nc3 Nc6 3. g3 g6 4. Bg2 Bg7 5. d3 d6 6. f4 e6 7. Nf3 Nge7 8. O-O O-O 9. Rb1 Nd4 10. Ne2 Nec6 11. c3 Nxf3+ 12. Bxf3 Rb8 13. Be3 b5 14. Bg2 b4 15. e5 Ne7 16. cxb4 Rxb4 17. a3 Rb8 18. exd6 Qxd6 19. Qc2 Ba6 20. Qxc5 Qxd3 21. Bf2 Qxe2 22. Qxe7 Bd3 23. Rbc1 Rxb2 24. Qxa7 Ra2 25. Rfe1 Qb2 26. Qb6 Qxb6 27. Bxb6 Bb2 28. Rcd1 Bc2 29. Rd7 Bxa3 30. g4 Rb8 31. Bf2 Ba4 32. Ra7 Rbb2 33. Rxa4 Rxf2 34. Ra8+ Kg7 35. Bc6 Bc5 36. Rxa2 Rxa2+ 37. Kh1 Bd6 38. Rf1 f5 39. gxf5 exf5 40. Bd5 Rd2 41. Bg2 Rd4 42. h3 Bxf4 43. Rb1 h5 44. Kg1 Be3+ 45. Kf1 g5 46. Rb7+ Kf6 47. Rb6+ Ke5 48. Rh6 h4 49. Ra6 Kf4 50. Bb7 g4 51. hxg4 fxg4 52. Rf6+ Kg3 53. Rg6 h3 54. Bc8 h2 55. Bb7 Rf4+ 56. Ke2 Bc5 57. Rh6 1-0


[Site "https://www.chess.com"]

[Event "Titled Tuesday Blitz October 31 Early 2023"]
[White "Demin, Vladimir"]
[Black "Nagare Kaivalya Sandip"]
[WhiteFideId "4167457"]
[BlackFideId "25957929"]
[WhiteElo "2526"]
[BlackElo "2696"]
[Result "0-1"]
[Round "4"]
[TimeControl "180+1"]
[Date "2023.10.31"]
[WhiteClock "0:00:12"]
[BlackClock "0:01:56"]
[Board "72"]

1. d4 Nf6 2. Nc3 g6 3. e4 d6 4. Nf3 Bg7 5. Be3 O-O 6. Qd2 c6 7. Bh6 b5 8. Bd3 b4 9. Ne2 Bg4 10. Bxg7 Kxg7 11. Qxb4 Bxf3 12. gxf3 Nbd7 13. O-O-O Rb8 14. Qc3 Qb6 15. Bc4 d5 16. Bb3 dxe4 17. fxe4 Nxe4 18. Qe3 Ndf6 19. Ng3 Nd6 20. Rhg1 a5 21. Qxe7 Rfd8 22. Nf5+ Nxf5 23. Qxf7+ Kh6 24. Qxf6 Rxd4 25. Qg5+ Kg7 26. Qxf5 Rxd1+ 27. Kxd1 Qd4+ 28. Kc1 Rd8 29. Qd3 Qxf2 30. Qc3+ Kh6 31. Rd1 Qf4+ 32. Qd2 Rxd2 33. Rxd2 a4 34. Be6 Qe3 35. Bd7 Qe4 36. c3 c5 37. h3 Kg5 38. Bb5 h5 39. b4 cxb4 40. c4 b3 41. axb3 a3 42. c5 Qe1+ 43. Kc2 a2 0-1


[Site "https://www.chess.com"]

[Event "Titled Tuesday Blitz October 31 Early 2023"]
[White "Alinasab, Mobina"]
[Black "Ovetchkin, Roman"]
[WhiteFideId "12528897"]
[BlackFideId "4119991"]
[WhiteElo "2526"]
[BlackElo "2690"]
[Result "0-1"]
[Round "4"]
[TimeControl "180+1"]
[Date "2023.10.31"]
[WhiteClock "0:00:00"]
[BlackClock "0:00:16"]
[Board "73"]

1. e4 c6 2. d4 d5 3. e5 Bf5 4. h4 Qb6 5. g4 Bd7 6. c4 h5 7. gxh5 Bf5 8. Nc3 e6 9. c5 Qc7 10. Bd3 Bxd3 11. Qxd3 b6 12. cxb6 axb6 13. Nge2 Qb7 14. Ng3 Qa6 15. Qf3 b5 16. Bd2 b4 17. Nce2 Nd7 18. b3 c5 19. Nf4 cxd4 20. Nd3 Ne7 21. h6 Nc6 22. hxg7 Bxg7 23. h5 Ndxe5 24. Nxe5 Nxe5 25. Qe2 Qxe2+ 26. Kxe2 d3+ 27. Kf1 Nf3 28. Rd1 Bc3 29. Bf4 d2 30. Ke2 Nd4+ 31. Kd3 Nb5 32. Bxd2 Rxa2 33. Bxc3 Nxc3 34. Rd2 Rxd2+ 35. Kxd2 Rh6 36. Ra1 Ke7 37. Ra7+ Kf6 38. Rb7 Ne4+ 39. Nxe4+ dxe4 40. Rxb4 Kf5 41. Rb7 f6 42. b4 Rxh5 43. b5 Rh3 44. b6 Rb3 45. Ke2 Ke5 46. Rb8 f5 47. b7 Kf4 48. Re8 Rxb7 49. Rxe6 Rb2+ 50. Ke1 Kf3 51. Rf6 f4 52. Rf8 Re2+ 53. Kf1 Rxf2+ 54. Kg1 Rg2+ 55. Kh1 Rg7 56. Re8 e3 57. Re6 Kf2 0-1


[Site "https://www.chess.com"]

[Event "Titled Tuesday Blitz October 31 Early 2023"]
[White "Avazkhonov, Alikhon"]
[Black "Preotu, Razvan"]
[WhiteFideId "14208504"]
[BlackFideId "2613280"]
[WhiteElo "2501"]
[BlackElo "2689"]
[Result "0-1"]
[Round "4"]
[TimeControl "180+1"]
[Date "2023.10.31"]
[WhiteClock "0:00:16"]
[BlackClock "0:00:55"]
[Board "74"]

1. d4 Nf6 2. c4 g6 3. Nc3 d5 4. cxd5 Nxd5 5. e4 Nxc3 6. bxc3 Bg7 7. Be3 c5 8. Qd2 cxd4 9. cxd4 Nc6 10. Nf3 Bg4 11. e5 Bxf3 12. gxf3 O-O 13. Bg2 e6 14. f4 Qh4 15. O-O Rad8 16. Qb2 Bh6 17. f5 Nxd4 18. Bxh6 Qxh6 19. fxe6 Nxe6 20. Qxb7 Rd2 21. Qxa7 Nf4 22. Qb7 Rfd8 23. a4 Qg5 24. a5 R8d5 0-1


[Site "https://www.chess.com"]

[Event "Titled Tuesday Blitz October 31 Early 2023"]
[White "Mendez Fortes, Eduardo Jesus"]
[Black "Willy, Stephen"]
[WhiteFideId "3502376"]
[BlackFideId "30981468"]
[WhiteElo "2677"]
[BlackElo "2499"]
[Result "1-0"]
[Round "4"]
[TimeControl "180+1"]
[Date "2023.10.31"]
[WhiteClock "0:00:23"]
[BlackClock "0:00:01"]
[Board "75"]

1. e4 d5 2. exd5 Nf6 3. Bb5+ Bd7 4. Be2 Nxd5 5. d4 Bf5 6. Nf3 e6 7. O-O Bd6 8. c4 Nf4 9. Nc3 Nxe2+ 10. Qxe2 O-O 11. h3 Nc6 12. Rd1 Qf6 13. Bg5 Qg6 14. Kh1 Qh5 15. Be3 Bg4 16. Kg1 Bxf3 17. Qxf3 Qxf3 18. gxf3 a6 19. Rac1 f5 20. Rc2 Rad8 21. f4 g5 22. fxg5 f4 23. Bc1 Be7 24. d5 Ne5 25. Ne2 Bxg5 26. Nd4 Rf6 27. Re1 Rg6 28. Kf1 Nd3 29. Rxe6 Bf6 30. Ne2 Nc5 31. Nxf4 Nxe6 32. Nxg6 Nd4 33. Rc3 hxg6 34. Rg3 Kf7 35. Be3 Nf5 36. Rf3 Bxb2 37. Bf4 Rd7 38. h4 Nxh4 39. Rb3 Bd4 40. Rxb7 Bb6 41. d6 Ba5 42. dxc7 1-0


[Site "https://www.chess.com"]

[Event "Titled Tuesday Blitz October 31 Early 2023"]
[White "Maris, Ivo"]
[Black "BashirovKemal"]
[WhiteFideId "1028146"]
[WhiteElo "2484"]
[BlackElo "2676"]
[Result "1-0"]
[Round "4"]
[TimeControl "180+1"]
[Date "2023.10.31"]
[WhiteClock "0:02:00"]
[BlackClock "0:00:09"]
[Board "76"]

1. e3 d5 2. b3 Nf6 3. Bb2 e6 4. g4 Be7 5. g5 Ne4 6. d3 Nd6 7. h4 O-O 8. Nd2 f6 9. f4 Nf5 10. Qf3 e5 11. O-O-O Nc6 12. e4 Nfd4 13. Qg2 exf4 14. exd5 f3 15. Ngxf3 Nxf3 16. dxc6 Nxd2 17. Rxd2 bxc6 18. g6 h6 19. Qxc6 Rb8 20. d4 Bb7 21. Qe6+ Kh8 22. Bg2 f5 23. Bxb7 Rxb7 24. d5 Bd6 25. Rf2 f4 26. Qg4 Qe7 27. Re2 Qd8 28. Qh5 Kg8 29. Rhe1 f3 30. Rf2 Bg3 31. Rxf3 Bxe1 32. Rf7 Rxf7 33. gxf7+ Kf8 34. Qg6 Ke7 35. Bxg7 Rb6 36. f8=Q+ 1-0


[Site "https://www.chess.com"]

[Event "Titled Tuesday Blitz October 31 Early 2023"]
[White "Rosen, Eric"]
[Black "Deuterio010"]
[WhiteFideId "2032562"]
[WhiteElo "2673"]
[BlackElo "2469"]
[Result "1-0"]
[Round "4"]
[TimeControl "180+1"]
[Date "2023.10.31"]
[WhiteClock "0:00:06"]
[BlackClock "0:00:00"]
[Board "77"]

1. e4 c5 2. Nc3 Nc6 3. Bb5 Nd4 4. Nf3 e6 5. O-O a6 6. Bd3 Nc6 7. Be2 Nf6 8. d4 cxd4 9. Nxd4 Be7 10. Be3 O-O 11. f4 d5 12. e5 Nd7 13. Kh1 Nc5 14. Qe1 Bd7 15. Qg3 Nxd4 16. Bxd4 Ne4 17. Nxe4 dxe4 18. Rad1 Qc7 19. Bc3 Bc6 20. f5 exf5 21. Rxf5 Rad8 22. Rdf1 Bd5 23. R5f4 Rfe8 24. h4 b5 25. a3 Bf8 26. h5 Qc6 27. Rg4 Qh6 28. Rg5 Be7 29. Rgf5 Be6 30. R5f4 Rc8 31. Rxe4 Bd5 32. Rd4 Bc6 33. Bd2 Qe6 34. Bg4 f5 35. exf6 1-0


[Site "https://www.chess.com"]

[Event "Titled Tuesday Blitz October 31 Early 2023"]
[White "Buchenau, Frank"]
[Black "Sadykov, Ramil"]
[WhiteFideId "4604350"]
[BlackFideId "24113590"]
[WhiteElo "2460"]
[BlackElo "2673"]
[Result "0-1"]
[Round "4"]
[TimeControl "180+1"]
[Date "2023.10.31"]
[WhiteClock "0:00:00"]
[BlackClock "0:00:02"]
[Board "78"]

1. e4 c6 2. Nf3 d5 3. Nc3 dxe4 4. Nxe4 Bg4 5. h3 Bxf3 6. Qxf3 Nd7 7. d3 Ngf6 8. Bd2 Qb6 9. O-O-O e6 10. Kb1 a5 11. Be3 Qb4 12. Bd2 Qb5 13. c4 Qa6 14. Bc3 Be7 15. d4 Nxe4 16. Qxe4 Nf6 17. Qf3 O-O 18. c5 b5 19. Bd3 Qb7 20. g4 Nd5 21. Bd2 g6 22. h4 Bf6 23. Qe4 b4 24. g5 Bg7 25. h5 Nc3+ 26. Bxc3 bxc3 27. b3 a4 28. Bc4 axb3 29. axb3 Qa7 30. Kc2 Qa2+ 31. Kxc3 Rfd8 32. hxg6 hxg6 33. Bxe6 fxe6 34. Qxe6+ Kf8 35. Rd3 Rxd4 36. Rxd4 Bxd4+ 37. Kxd4 Qxf2+ 38. Kc4 Qc2+ 39. Kd4 Rd8+ 0-1


[Site "https://www.chess.com"]

[Event "Titled Tuesday Blitz October 31 Early 2023"]
[White "Janaszak, Dawid"]
[Black "Santos Flores, Alberto"]
[WhiteFideId "1119206"]
[BlackFideId "3601234"]
[WhiteElo "2669"]
[BlackElo "2441"]
[Result "1/2-1/2"]
[Round "4"]
[TimeControl "180+1"]
[Date "2023.10.31"]
[WhiteClock "0:00:44"]
[BlackClock "0:00:34"]
[Board "79"]

1. e4 e6 2. d4 d5 3. Bd3 dxe4 4. Bxe4 Nf6 5. Bf3 Bd6 6. Ne2 O-O 7. Nbc3 e5 8. O-O c6 9. Bg5 Nbd7 10. d5 cxd5 11. Nxd5 h6 12. Nxf6+ Nxf6 13. Bxf6 Qxf6 14. Nc3 Rd8 15. Ne4 Qe7 16. Nxd6 Rxd6 17. Qe2 Bf5 18. Rfe1 f6 19. Be4 Bxe4 20. Qxe4 Rad8 21. h3 Rd2 22. Re2 Rxe2 23. Qxe2 Qd6 24. a4 Qd2 25. Qc4+ Kh8 26. a5 a6 27. Qc7 Rd7 28. Qc8+ Kh7 29. Rf1 Qd6 30. Qc3 Rc7 31. Qb3 Qc5 32. Qd3+ Kg8 33. Qd8+ Kf7 34. Rd1 Qxc2 35. Rd7+ Rxd7 36. Qxd7+ Kg8 37. Qxb7 Qc1+ 38. Kh2 Qf4+ 39. Kg1 Qc1+ 40. Kh2 Qf4+ 41. Kg1 Qc1+ 1/2-1/2


[Site "https://www.chess.com"]

[Event "Titled Tuesday Blitz October 31 Early 2023"]
[White "Kleiman, Jake"]
[Black "Polaczek, Richard"]
[WhiteFideId "2020041"]
[BlackFideId "200026"]
[WhiteElo "2665"]
[BlackElo "2422"]
[Result "1-0"]
[Round "4"]
[TimeControl "180+1"]
[Date "2023.10.31"]
[WhiteClock "0:00:33"]
[BlackClock "0:00:21"]
[Board "80"]

1. e4 Nf6 2. e5 Nd5 3. d4 d6 4. Nf3 g6 5. Bc4 Nb6 6. Bb3 Bg7 7. exd6 cxd6 8. O-O O-O 9. h3 Nc6 10. Re1 h6 11. a4 Na5 12. Ba2 d5 13. c3 Bf5 14. b4 Nac4 15. a5 Nc8 16. Nbd2 N8d6 17. Ne5 Rc8 18. Ndxc4 Nxc4 19. Bxc4 dxc4 20. a6 b6 21. Qf3 Rc7 22. Nc6 Qe8 23. b5 Bd7 24. Nxe7+ Kh7 25. Bf4 Bg4 26. Qg3 Rxe7 27. Rxe7 Qxe7 28. Bd6 Qe2 29. Bxf8 Be6 30. Bxg7 Kxg7 31. Qe5+ Qxe5 32. dxe5 Bd7 33. Rb1 g5 34. Kf1 Kf8 35. Ke2 Ke7 36. Ke3 Ke6 37. Kd4 1-0


[Site "https://www.chess.com"]